[Event "ICCopen2017"]
[Site "Internet Chess Club"]
[Date "2017.03.26"]
[Round "3"]
[White "uggi"]
[Black "herbyeddy"]
[Result "1-0"]
[ICCResult "Black resigns"]
[WhiteElo "1941"]
[BlackElo "1484"]
[Opening "QGD Slav/Grünfeld: Schlechter variation"]
[ECO "D15"]
[NIC "SL.03"]
[Time "19:30:09"]
[TimeControl "180+0"]

1. d4 d5 2. c4 c6 3. Nc3 Nf6 4. Nf3 g6 5. Bg5 Ne4 6. Bh4 Bg7 7. e3 O-O 8.
Qb3 Nxc3 9. bxc3 dxc4 10. Bxc4 Nd7 11. O-O Nb6 12. Be2 Be6 13. c4 Qd7 14.
Rac1 h6 15. Qb4 g5 16. Bg3 Nc8 17. Ne5 Qd8 18. Rfd1 Qb6 19. Qa3 f6 20. Ng6
Re8 21. h4 Bf7 22. h5 Bxg6 23. hxg6 e5 24. dxe5 fxe5 25. Bg4 c5 26. Bf5 Qf6
27. e4 Ne7 28. Qxc5 Nxf5 29. exf5 Qxf5 30. Rd6 Re6 31. Qd5 Re8 32. Rxe6 Qxe6
33. Qxb7 Re7 34. Qb5 Qxg6 35. c5 Rc7 36. Qb8+ {Black resigns} 1-0

[Event "ICCopen2017"]
[Site "Internet Chess Club"]
[Date "2017.03.26"]
[Round "3"]
[White "nurmi"]
[Black "MoonlightWizard"]
[Result "0-1"]
[ICCResult "White resigns"]
[WhiteElo "2305"]
[BlackElo "2794"]
[Opening "English: closed system"]
[ECO "A25"]
[NIC "EO.19"]
[Time "19:29:44"]
[TimeControl "180+0"]

1. c4 e5 2. Nc3 Nc6 3. g3 g6 4. Bg2 Bg7 5. Nf3 d6 6. O-O f5 7. d3 Nf6 8. Rb1
O-O 9. b4 h6 10. b5 Ne7 11. a4 Rb8 12. Ne1 Be6 13. e4 g5 14. Nd5 f4 15. f3
h5 16. Bd2 Ng6 17. a5 Qd7 18. Nc2 Bh6 19. Bc3 Nxd5 20. cxd5 Bh3 21. d4 Bxg2
22. Kxg2 g4 23. dxe5 dxe5 24. Bb4 Rf7 25. fxg4 hxg4 26. Qd3 Bg5 27. Bc5 b6
28. axb6 axb6 29. Bf2 Rf6 30. Nb4 Rbf8 31. Nc6 Qh7 32. Kg1 Qh3 33. Rfe1 Nh4
34. Qf1 Nf3+ {White resigns} 0-1

[Event "ICCopen2017"]
[Site "Internet Chess Club"]
[Date "2017.03.26"]
[Round "3"]
[White "ChessOptimist"]
[Black "catshow"]
[Result "0-1"]
[ICCResult "White resigns"]
[WhiteElo "2045"]
[BlackElo "1843"]
[Opening "Bird's opening"]
[ECO "A02"]
[NIC "VO.07"]
[Time "19:29:51"]
[TimeControl "180+0"]

1. f4 c5 2. Nf3 Nc6 3. g3 d5 4. Bg2 g6 5. O-O Bg7 6. d3 Nf6 7. Nc3 O-O 8. e4
dxe4 9. dxe4 Qxd1 10. Rxd1 Bg4 11. e5 Ne8 12. Be3 b6 13. h3 Be6 14. Ng5 Rc8
15. Nxe6 fxe6 16. Rd7 g5 17. Rad1 gxf4 18. gxf4 Bh6 19. Ne2 Ng7 20. Bxc6
Rxc6 21. Rxa7 Nf5 22. Bc1 Kf7 23. Rb7 Rg8+ 24. Kf2 Rcc8 25. Rxb6 Nh4 26. Rg1
Rxg1 27. Nxg1 Rg8 28. Ne2 Rg2+ 29. Kf1 Rh2 30. a4 Rh1+ 31. Kf2 Rh2+ 32. Ke3
Rxh3+ 33. Kd2 Nf3+ 34. Kc3 Nxe5+ 35. Kd2 Nc4+ 36. Ke1 Nxb6 37. a5 Nc8 38. f5
exf5 39. Bxh6 Rxh6 40. c3 Ra6 41. b4 cxb4 42. cxb4 Ke6 43. Kd2 Kd5 44. Kc3
Nd6 45. Nd4 Ne4+ 46. Kd3 e5 47. Nxf5 Rf6 48. Ne3+ Ke6 49. Kxe4 Rf4+ 50. Kd3
Rxb4 51. Nd5 Kxd5 52. Kc3 Ra4 53. Kb3 Rxa5 54. Kb4 Ra7 55. Kb5 Rb7+ 56. Ka6
Kc6 57. Ka5 Rb1 58. Ka4 Kc5 59. Ka3 Rb8 {White resigns} 0-1

[Event "ICCopen2017"]
[Site "Internet Chess Club"]
[Date "2017.03.26"]
[Round "3"]
[White "Siryk"]
[Black "kingmate"]
[Result "0-1"]
[ICCResult "White forfeits on time"]
[WhiteElo "2935"]
[BlackElo "2462"]
[Opening "Queen's Indian: Capablanca variation"]
[ECO "E16"]
[NIC "QI.06"]
[Time "19:29:34"]
[TimeControl "180+0"]

1. d4 e6 2. c4 Nf6 3. Nf3 b6 4. g3 Bb7 5. Bg2 Bb4+ 6. Bd2 c5 7. Bxb4 cxb4 8.
O-O O-O 9. a3 Qe7 10. axb4 Qxb4 11. b3 Qe7 12. Nbd2 d5 13. Qc1 Nc6 14. Qa3
Nb4 15. Rfc1 Rfc8 16. Ne5 a5 17. Nd3 dxc4 18. Bxb7 Qxb7 19. Nxb4 axb4 20.
Qxb4 Rxa1 21. Rxa1 Nd5 22. Qa3 b5 23. bxc4 bxc4 24. Ne4 Qc7 25. Qc5 Qd8 26.
Qd6 Qe8 27. Qa6 Nb4 28. Qa5 Qf8 29. e3 h6 30. Nc5 Nd5 31. Rc1 Ra8 32. Qe1 c3
33. e4 Nf6 34. Qxc3 Qd8 35. Ra1 Rc8 36. f3 Qe7 37. Rc1 Ne8 38. Qe3 Nd6 39.
Nd3 Rb8 40. Ne5 Qb7 41. Qc3 Rc8 42. Qd2 Rd8 43. Qe3 Qb6 44. Rc3 Nb5 45. Rd3
Nxd4 46. Kg2 Qb2+ 47. Rd2 Qb6 48. Nc4 Qc5 49. Nb2 e5 50. Nd1 Qd6
{White forfeits on time}
0-1

[Event "ICCopen2017"]
[Site "Internet Chess Club"]
[Date "2017.03.26"]
[Round "3"]
[White "applepear"]
[Black "dhar2603"]
[Result "0-1"]
[ICCResult "White forfeits on time"]
[WhiteElo "1085"]
[BlackElo "1829"]
[Opening "Caro-Kann: exchange, Rubinstein variation"]
[ECO "B13"]
[NIC "CK.02"]
[Time "19:30:44"]
[TimeControl "180+0"]

1. e4 c6 2. d4 d5 3. exd5 cxd5 4. Bd3 Nf6 5. c3 Nc6 6. Bf4 g6 7. Nd2 Bg7 8.
Ngf3 O-O 9. Qc2 Re8 10. O-O-O Nh5 11. Bg3 Nxg3 12. fxg3 Bg4 13. h3 Bxf3 14.
gxf3 Rc8 15. f4 Nxd4 16. Qa4 a5 17. Kb1 Ne6 18. f5 Nc5 19. Qh4 Nxd3 20. fxg6
hxg6 21. g4 Qb6 22. b3 Rxc3 23. Rdf1 Rec8 24. Qxe7 Qf6 {White forfeits on
time} 0-1

[Event "ICCopen2017"]
[Site "Internet Chess Club"]
[Date "2017.03.26"]
[Round "3"]
[White "carpedef"]
[Black "Cryptochess"]
[Result "0-1"]
[ICCResult "White checkmated"]
[WhiteElo "1809"]
[BlackElo "2549"]
[Opening "Pirc defense"]
[ECO "B07"]
[NIC "PU.04"]
[Time "19:29:28"]
[TimeControl "180+0"]

1. e4 d6 2. d4 Nf6 3. Nc3 g6 4. f3 c6 5. Be3 b5 6. Qd2 Nbd7 7. Bd3 Nb6 8.
Nge2 e5 9. Nd1 exd4 10. Nxd4 Bb7 11. c3 Bg7 12. O-O O-O 13. Kh1 a6 14. Nf2
c5 15. Ne2 Re8 16. Bh6 d5 17. Bxg7 Kxg7 18. Qf4 Qe7 19. Ng3 Rad8 20. Qg5 Kh8
21. Rae1 dxe4 22. Ngxe4 Bxe4 23. Bxe4 Nxe4 24. Nxe4 Qxg5 25. Nxg5 Kg7 26. h4
Rxe1 27. Rxe1 Rd2 28. Re7 h6 29. Nxf7 Rxb2 30. Rb7 Nd5 31. Nd6+ Kf6 32. Ne4+
Ke5 33. g3 Rxa2 34. Nxc5 Nxc3 35. Rb6 Kd4 36. Nxa6 Ke3 37. Nb4 Rb2 38. Rc6
Ne2 39. Nd5+ Kxf3 40. Rf6+ Ke4 41. Nc7 Nxg3+ 42. Kg1 Ne2+ 43. Kf1 Nf4 44.
Rf8 Kf3 45. Nd5 Rb1# {White checkmated} 0-1

[Event "ICCopen2017"]
[Site "Internet Chess Club"]
[Date "2017.03.26"]
[Round "3"]
[White "sasukenakamura"]
[Black "Dare-Dare"]
[Result "1-0"]
[ICCResult "Black checkmated"]
[WhiteElo "1592"]
[BlackElo "1910"]
[Opening "French: Tarrasch, closed variation"]
[ECO "C05"]
[NIC "FR.14"]
[Time "19:29:55"]
[TimeControl "180+0"]

1. e4 e6 2. d4 d5 3. Nd2 Nf6 4. Bd3 Nfd7 5. Ngf3 c5 6. c3 Nc6 7. O-O Qb6 8.
exd5 exd5 9. Re1+ Be7 10. Ng5 h6 11. Nxf7 Kxf7 12. Qh5+ Kf8 13. Nf3 cxd4 14.
cxd4 Nxd4 15. Qxd5 Nxf3+ 16. Qxf3+ Nf6 17. Be3 Qc6 18. Qg3 Be6 19. Rac1 Qd7
20. Rcd1 Rd8 21. Bxa7 g5 22. Bb6 Bf7 23. Bxd8 Qxd8 24. Bc4 Qe8 25. Bxf7 Qxf7
26. b3 Kg7 27. Qf3 Re8 28. Qxb7 Qh5 29. Rxe7+ Rxe7 30. Qxe7+ Kg6 31. Rd6 Qg4
32. Qxf6+ Kh5 33. Qxh6# {Black checkmated} 1-0

[Event "ICCopen2017"]
[Site "Internet Chess Club"]
[Date "2017.03.26"]
[Round "3"]
[White "kutittaja"]
[Black "bookseller"]
[Result "1-0"]
[ICCResult "Black forfeits on time"]
[WhiteElo "1590"]
[BlackElo "1360"]
[Opening "English opening"]
[ECO "A16"]
[NIC "EO.64"]
[Time "19:29:31"]
[TimeControl "180+0"]

1. c4 Nf6 2. Nc3 c6 3. g3 d5 4. d4 Bf5 5. Nf3 e6 6. cxd5 cxd5 7. Bg2 Bd6 8.
O-O O-O 9. Nh4 Bg6 10. Nxg6 hxg6 11. a3 Nc6 12. b4 a6 13. e3 Rc8 14. Qd3 Qe7
15. Bd2 Rfd8 16. Rfe1 e5 17. Nxd5 Nxd5 18. Bxd5 Bb8 19. Bxc6 Rxc6 20. d5 e4
21. Qb3 Rcd6 22. Rad1 Rxd5 23. Bc3 Rxd1 24. Rxd1 Rxd1+ 25. Qxd1 b5 26. Qd4
f5 27. Qb6 Qd6 28. Bd4 Qxb6 29. Bxb6 Be5 30. Bd4 Bxd4 31. exd4 Kf7 32. Kf1
Ke6 33. Ke2 Kd5 34. Ke3 g5 35. h3 Kc4 36. h4 gxh4 37. gxh4 Kb3 38. d5 Kxa3
39. d6 Kxb4 40. d7 a5 41. d8=Q a4 42. Qd4+ Kb3 43. Kd2 a3 44. Qc3+ Ka4 45.
Kc2 b4 46. Qb3+ Kb5 47. h5 Kc5 48. Kb1 Kb5 49. Ka2 Ka5 50. Qd5+ Ka4 51. Qc4
f4 52. Qxe4 Ka5 53. Kb3 Kb5 54. Qxb4+ Kc6 55. Qxa3 Kd7 56. Qb4 Ke8 57. Qxf4
Ke7 58. Kc4 Kd7 59. Kc5 {Black forfeits on time} 1-0

[Event "ICCopen2017"]
[Site "Internet Chess Club"]
[Date "2017.03.26"]
[Round "3"]
[White "Harmony1957"]
[Black "DGurevich"]
[Result "1/2-1/2"]
[ICCResult "Game drawn by mutual agreement"]
[WhiteElo "1937"]
[BlackElo "2544"]
[Opening "Catalan: closed, 5.Nf3"]
[ECO "E06"]
[NIC "CA.04"]
[Time "19:30:19"]
[TimeControl "180+0"]

1. d4 d5 2. c4 e6 3. Nf3 Nf6 4. g3 Be7 5. Bg2 O-O 6. O-O c6 7. Qc2 b6 8.
Nbd2 Bb7 9. b3 Na6 10. Bb2 Rc8 11. Rac1 c5 12. Qb1 dxc4 13. Rxc4 b5 14. Rcc1
Bd5 15. e4 Bb7 16. e5 Nd5 17. Ne4 h6 18. Rcd1 c4 19. bxc4 bxc4 20. Bc1 Qb6
21. Qc2 Nab4 22. Qe2 c3 23. Nh4 Kh8 24. Qh5 Kh7 25. Nd6 Bxd6 26. Be4+ Kg8
27. Bxh6 f5 28. Bxg7 Kxg7 29. Qg6+ Kh8 30. Qh6+ Kg8 31. Qg6+ Kh8 32. Qh6+
Kg8 {Game drawn by mutual agreement} 1/2-1/2

[Event "ICCopen2017"]
[Site "Internet Chess Club"]
[Date "2017.03.26"]
[Round "3"]
[White "Kusox"]
[Black "ibarra"]
[Result "0-1"]
[ICCResult "White resigns"]
[WhiteElo "2193"]
[BlackElo "2763"]
[Opening "King's Indian, 3.Nf3"]
[ECO "E60"]
[NIC "KI.79"]
[Time "19:30:23"]
[TimeControl "180+0"]

1. d4 Nf6 2. Nf3 g6 3. c4 d6 4. g3 Bg7 5. Bg2 O-O 6. O-O Bf5 7. Nc3 Ne4 8.
Nxe4 Bxe4 9. b3 c5 10. Bb2 Nc6 11. e3 d5 12. Rc1 Qa5 13. a3 Rfd8 14. Qe2 Qb6
15. dxc5 Qxb3 16. Bxg7 Kxg7 17. cxd5 Rxd5 18. Rfd1 Rad8 19. Rxd5 Rxd5 20.
Nd4 Nxd4 21. exd4 Bxg2 22. Kxg2 e6 23. Qe3 Qa4 24. c6 bxc6 25. Rc5 Qxd4 26.
Qxd4+ Rxd4 27. Rxc6 Ra4 28. Rc3 e5 29. h4 h5 30. Kf3 Kf6 31. Ke3 Ke6 32. Ke2
Kd5 33. Rb3 Kc4 34. Rb7 f5 35. Rg7 Ra6 36. Rb7 Kd4 37. Kf1 Rxa3 38. Rb4+ Kc5
39. Rb3 Rxb3 {White resigns} 0-1

[Event "ICCopen2017"]
[Site "Internet Chess Club"]
[Date "2017.03.26"]
[Round "3"]
[White "BlueJ"]
[Black "lmenezes"]
[Result "1-0"]
[ICCResult "Black resigns"]
[WhiteElo "2027"]
[BlackElo "1629"]
[Opening "English opening"]
[ECO "A10"]
[NIC "EO.63"]
[Time "19:31:14"]
[TimeControl "180+0"]

1. c4 b6 2. e4 Bb7 3. Nc3 e6 4. Nf3 Bb4 5. Bd3 Nc6 6. O-O Nf6 7. Bc2 d6 8.
Ne2 O-O 9. a3 Ba5 10. b4 Bxb4 11. axb4 Nxb4 12. Ng3 a5 13. Bb2 Ba6 14. d3
Qe7 15. Ba4 d5 16. exd5 exd5 17. Re1 Qc5 18. Bxf6 gxf6 19. Nh4 dxc4 20. Nhf5
Kh8 21. d4 Qd5 22. Re4 Bb7 23. Qh5 c3 24. Qh6 Rg8 25. Qxf6+ {Black resigns}
1-0

[Event "ICCopen2017"]
[Site "Internet Chess Club"]
[Date "2017.03.26"]
[Round "3"]
[White "leole51"]
[Black "patterncircular"]
[Result "0-1"]
[ICCResult "White forfeits on time"]
[WhiteElo "1678"]
[BlackElo "2058"]
[Opening "Pirc: Ufimtsev-Pytel variation"]
[ECO "B07"]
[NIC "PU.08"]
[Time "19:30:17"]
[TimeControl "180+0"]

1. e4 d6 2. d4 Nf6 3. Nc3 c6 4. Be3 e5 5. Nf3 Qc7 6. Bd3 Bg4 7. h3 Bh5 8. g4
Bg6 9. Nh4 Nbd7 10. Nf5 Bxf5 11. gxf5 Be7 12. Rg1 Rg8 13. Qe2 a6 14. O-O-O
O-O-O 15. f4 b5 16. fxe5 dxe5 17. dxe5 Nxe5 18. Kb1 Nfd7 19. Qf2 Bf6 20. Bf4
Kb7 21. a4 b4 22. Na2 a5 23. Qe2 Qb6 24. Be3 c5 25. Nc1 Nc6 26. Bb5 Nd4 27.
Bxd4 Bxd4 28. e5 Nxe5 29. Rxd4 Rxd4 30. Qxe5 Qd6 31. Qe3 Rd8
{White forfeits on time}
0-1

[Event "ICCopen2017"]
[Site "Internet Chess Club"]
[Date "2017.03.26"]
[Round "3"]
[White "DukeBishop"]
[Black "wmanthony"]
[Result "1-0"]
[ICCResult "Black forfeits on time"]
[WhiteElo "1541"]
[BlackElo "1316"]
[Opening "King's gambit"]
[ECO "C30"]
[NIC "KG.05"]
[Time "19:29:29"]
[TimeControl "180+0"]

1. e4 e5 2. f4 d6 3. Nf3 Nc6 4. Bb5 exf4 5. O-O Bd7 6. d4 Nf6 7. Nc3 Be7 8.
Bxf4 O-O 9. d5 Ne5 10. Bxd7 Nfxd7 11. Nd4 Bf6 12. Nf5 a6 13. a4 Rb8 14. Ra3
b5 15. axb5 axb5 16. Ne2 Ra8 17. Rh3 Ng6 18. Neg3 Nc5 19. Qh5 h6 20. Nxh6+
gxh6 21. Qxh6 Bd4+ 22. Kh1 Re8 23. Bg5 Bg7 24. Qh7+ Kf8 25. Qxg6 Re7 26. Rh7
Ke8 27. Qxg7 Kd7 28. Bxe7 Qxe7 29. Rxf7 Re8 30. Rxe7+ Rxe7 31. Qxe7+
{Black forfeits on time}
1-0

[Event "ICCopen2017"]
[Site "Internet Chess Club"]
[Date "2017.03.26"]
[Round "3"]
[White "schiele"]
[Black "Chaos23"]
[Result "1-0"]
[ICCResult "Black checkmated"]
[WhiteElo "1835"]
[BlackElo "1841"]
[Opening "Sicilian: O'Kelly variation"]
[ECO "B28"]
[NIC "SI.43"]
[Time "19:30:40"]
[TimeControl "180+0"]

1. e4 c5 2. Nf3 a6 3. c3 e6 4. d4 d5 5. e5 Bd7 6. a4 Nc6 7. Be3 Nh6 8. Bd3
cxd4 9. cxd4 Nf5 10. Bxf5 exf5 11. O-O Be7 12. Nc3 Be6 13. Qd2 O-O 14. Bg5
h6 15. Bxe7 Qxe7 16. Ne1 g5 17. Nc2 f4 18. g3 f3 19. Ne3 f5 20. Nexd5 Qf7
21. Nf6+ Kh8 22. h4 Qg6 23. h5 Qg7 24. Qe3 Bc4 25. Rfe1 Rad8 26. Rad1 b5 27.
axb5 axb5 28. d5 Nb4 29. Qxf3 f4 30. gxf4 gxf4+ 31. Kh2 Rxf6 32. exf6 Qxf6
33. Qh3 Nd3 34. Re6 Qd4 35. Rxh6+ Kg7 36. Rg1+ Kxh6 37. Qe6+ Kh7 38. Qg6+
Kh8 39. Qh6# {Black checkmated} 1-0

[Event "ICCopen2017"]
[Site "Internet Chess Club"]
[Date "2017.03.26"]
[Round "3"]
[White "xvs"]
[Black "DEHO"]
[Result "0-1"]
[ICCResult "White forfeits on time"]
[WhiteElo "1679"]
[BlackElo "2074"]
[Opening "Scandinavian: Pytel-Wade variation"]
[ECO "B01"]
[NIC "SD.02"]
[Time "19:29:38"]
[TimeControl "180+0"]

1. e4 d5 2. exd5 Qxd5 3. Nc3 Qd6 4. Nf3 Nf6 5. h3 Bf5 6. d4 c6 7. Be2 e6 8.
O-O Nbd7 9. Be3 Qc7 10. Qc1 h6 11. Bf4 Bd6 12. Bxd6 Qxd6 13. Rd1 O-O 14. Qe3
Rad8 15. Rac1 Rfe8 16. a3 b5 17. Nh4 Bh7 18. f4 Nb6 19. Nf3 Nbd5 20. Nxd5
Nxd5 21. Qe5 Nxf4 22. Bf1 f6 23. Qe3 Nd5 24. Qf2 a6 25. c4 Nf4 26. cxb5 cxb5
27. a4 bxa4 28. Bc4 Be4 29. Qf1 Bd5 30. Bxa6 Rb8 31. Rd2 Bxf3 32. Qxf3 Rb4
33. Bf1 Rxd4 34. Rxd4 Qxd4+ 35. Qf2 Qxf2+ 36. Kxf2 Rb8 37. Rc4 Rxb2+ 38. Kf3
g5 39. Rxa4 Kg7 40. Ra6 Rb3+ 41. Kf2 Kf7 42. g3 Nd5 43. Bc4 Rb2+ 44. Kf3 Rd2
45. h4 Rd4 46. Ba2 gxh4 47. gxh4 Rxh4 48. Kg3 Rd4 49. Kf3 f5 50. Kg3 Kf6 51.
Kf3 h5 52. Kg3 h4+ 53. Kh3 Ke5 {White forfeits on time} 0-1

[Event "ICCopen2017"]
[Site "Internet Chess Club"]
[Date "2017.03.26"]
[Round "3"]
[White "JaqueMateus1"]
[Black "jncool68"]
[Result "0-1"]
[ICCResult "White forfeits on time"]
[WhiteElo "2349"]
[BlackElo "2848"]
[Opening "Alekhine's defense: exchange variation"]
[ECO "B03"]
[NIC "AL.08"]
[Time "19:29:45"]
[TimeControl "180+0"]

1. e4 Nf6 2. e5 Nd5 3. d4 d6 4. c4 Nb6 5. exd6 cxd6 6. Nc3 g6 7. Be3 Bg7 8.
Rc1 O-O 9. b3 a5 10. Be2 a4 11. Nf3 axb3 12. axb3 Bg4 13. h3 Bxf3 14. Bxf3
Nc6 15. O-O Nd7 16. Re1 Qa5 17. Nd5 e6 18. Nc3 Rfd8 19. d5 Bxc3 20. dxc6
bxc6 21. Re2 d5 22. h4 Bf6 23. cxd5 cxd5 24. h5 Ne5 25. Rec2 Qb4 26. hxg6
hxg6 27. Rc7 Rab8 28. Ba7 Rb7 29. Rxb7 Qxb7 30. Bc5 Be7 31. Bxe7 Qxe7 32.
Be2 Rb8 33. Rb1 Qb4 34. Qc1 Kg7 35. Qc7 Nc4 36. Bxc4 dxc4 37. Qe5+ Kg8 38.
Rd1 cxb3 39. Rd7 b2 40. Qf6 b1=Q+ 41. Kh2 Qf5 {White forfeits on time} 0-1

[Event "ICCopen2017"]
[Site "Internet Chess Club"]
[Date "2017.03.26"]
[Round "3"]
[White "qpr"]
[Black "see101"]
[Result "1/2-1/2"]
[ICCResult "White ran out of time and Black has no material to mate"]
[WhiteElo "1589"]
[BlackElo "1390"]
[Opening "Benkö gambit"]
[ECO "A59"]
[NIC "BI.45"]
[Time "19:29:30"]
[TimeControl "180+0"]

1. d4 Nf6 2. c4 c5 3. d5 b5 4. cxb5 a6 5. bxa6 Bxa6 6. Nc3 d6 7. e4 Bxf1 8.
Kxf1 g6 9. g3 Bg7 10. Kg2 O-O 11. h3 Nbd7 12. Nge2 Ne5 13. b3 Qb6 14. Bb2
Rfb8 15. Na4 Qb7 16. Bxe5 dxe5 17. Nec3 Nd7 18. Qd3 Nb6 19. Nxc5 Qc7 20.
N3a4 Bh6 21. Rab1 Nxa4 22. Nxa4 Qd6 23. h4 Rb4 24. h5 Bg5 25. hxg6 fxg6 26.
Rbd1 Qf6 27. Qf3 Qxf3+ 28. Kxf3 Rc8 29. Ra1 Rd4 30. Kg4 Bf6 31. Rhe1 h5+ 32.
Kh3 g5 33. Kg2 g4 34. Re2 Bg5 35. Nb6 Rc6 36. Nc4 Bf6 37. a4 h4 38. gxh4
Bxh4 39. Nxe5 Rf6 40. Nxg4 Rg6 41. f3 Bf6 42. a5 Be5 43. a6 Bb8 44. a7 Bxa7
45. Rxa7 Rd3 46. Rb2 Rc3 47. b4 Rc8 48. b5 Rb8 49. b6 Rgxb6 50. Rxb6 Rxb6
51. Rxe7 Rb3 52. Re6 Rb7 53. Kg3 Rg7 54. d6 Rg5 55. Re7 Rg6 56. d7 Rd6 57.
d8=Q+ Rxd8 58. Re8+ Rxe8 59. Nf6+ Kf7 60. Nxe8 Kxe8
{White ran out of time and Black has no material to mate}
1/2-1/2

[Event "ICCopen2017"]
[Site "Internet Chess Club"]
[Date "2017.03.26"]
[Round "3"]
[White "DetectiveStark"]
[Black "Mercury"]
[Result "1-0"]
[ICCResult "Black forfeits on time"]
[WhiteElo "2536"]
[BlackElo "2157"]
[Opening "Sicilian: Alapin's variation (2.c3)"]
[ECO "B22"]
[NIC "SI.46"]
[Time "19:29:32"]
[TimeControl "180+0"]

1. e4 c5 2. c3 d5 3. exd5 Nf6 4. d4 Nxd5 5. dxc5 e6 6. b4 a5 7. Bd2 axb4 8.
cxb4 Qf6 9. Na3 Rxa3 10. Nf3 Nc6 11. Bb5 Rxf3 12. gxf3 Bd7 13. Rb1 Nc3 14.
Bxc3 Qxc3+ 15. Kf1 Be7 16. Rb3 Qe5 17. Rd3 Qc7 18. a3 Ne5 19. Bxd7+ Nxd7 20.
Qa4 Bd8 21. Kg2 Ke7 22. Rhd1 Ne5 23. Rd4 Nc6 24. Rd6 Kf6 25. Rd7 Qf4 26. Qc2
Ne5 27. Qc3 Qg5+ 28. Kf1 Qf5 29. Rxd8 Rxd8 30. Rxd8 Kg6 31. Ke2 Qf4 32. Rd4
Qxh2 33. Re4 f6 34. Qc2 Kf7 35. Rd4 h5 36. b5 Qg2 37. Qc3 h4 38. c6
{Black forfeits on time}
1-0

[Event "ICCopen2017"]
[Site "Internet Chess Club"]
[Date "2017.03.26"]
[Round "3"]
[White "habishek"]
[Black "volver"]
[Result "0-1"]
[ICCResult "White forfeits on time"]
[WhiteElo "1105"]
[BlackElo "1442"]
[Opening "KP: Indian opening"]
[ECO "C20"]
[NIC "KP.10"]
[Time "19:29:25"]
[TimeControl "180+0"]

1. e4 e5 2. d3 Nf6 3. Nc3 c6 4. Nf3 d6 5. Bg5 Be7 6. Be2 Be6 7. h3 h6 8. Bh4
O-O 9. O-O Nbd7 10. d4 exd4 11. Nxd4 Re8 12. Nxe6 fxe6 13. Re1 e5 14. Bg4
Nf8 15. Bf5 Qb6 16. Qd2 Rad8 17. Red1 Nxe4 18. Nxe4 Bxh4 19. Qe2 d5 20. Nc3
e4 21. Na4 Qb4 22. b3 Bf6 23. Rab1 b5 24. Nb2 Qd6 25. Qe3 Be5 26. Bg4 a5 27.
c3 Qf6 28. Qe2 Ng6 29. b4 axb4 30. cxb4 Rf8 31. a4 Nf4 32. Qe3 Bxb2 33. axb5
cxb5 34. Qb6 Qxb6 35. Kh1 Nd3 36. f3 Nf2+ 37. Kh2 Nxd1 38. Rxd1 Be5+ 39. Kh1
Bg3 40. Rf1 Qe3 {White forfeits on time} 0-1

[Event "ICCopen2017"]
[Site "Internet Chess Club"]
[Date "2017.03.26"]
[Round "3"]
[White "rencoroso"]
[Black "imabeast"]
[Result "0-1"]
[ICCResult "White resigns"]
[WhiteElo "2112"]
[BlackElo "2651"]
[Opening "Sicilian"]
[ECO "B50"]
[NIC "SI.01"]
[Time "19:30:12"]
[TimeControl "180+0"]

1. e4 c5 2. Nf3 d6 3. c3 Nf6 4. h3 Nbd7 5. Bd3 b6 6. O-O Bb7 7. Qe2 e5 8.
Bc2 Be7 9. Rd1 O-O 10. d4 Qc7 11. Bg5 Rfe8 12. a4 h6 13. Bxf6 Bxf6 14. d5 a6
15. Nbd2 g6 16. Nf1 Bg7 17. g4 c4 18. Ne3 b5 19. a5 Nc5 20. Ng2 Bc8 21. Nfh4
Qe7 22. Rf1 Bd7 23. Rae1 Qd8 24. Qd1 Qxa5 25. f4 exf4 26. Nxf4 g5 27. Nh5
gxh4 28. Nxg7 Kxg7 29. g5 Qd8 30. gxh6+ Kxh6 31. Rxf7 Qg5+ 32. Kh1 Rg8 33.
Rg1 Qxg1+ 34. Qxg1 Rxg1+ 35. Kxg1 Rg8+ 36. Kf2 Bxh3 37. Rf6+ Rg6 38. Rf4
Rg2+ 39. Ke1 Rxc2 40. Rf6+ Kg5 41. Rxd6 Nxe4 42. Rxa6 Bg4 43. Kf1 Bf3
{White resigns}
0-1

[Event "ICCopen2017"]
[Site "Internet Chess Club"]
[Date "2017.03.26"]
[Round "3"]
[White "Mephisto521"]
[Black "x-plica"]
[Result "0-1"]
[ICCResult "White checkmated"]
[WhiteElo "1550"]
[BlackElo "1382"]
[Opening "Queen's pawn"]
[ECO "A40"]
[NIC "QO.17"]
[Time "19:30:08"]
[TimeControl "180+0"]

1. d4 e6 2. c4 c5 3. e3 h6 4. Nc3 a6 5. Nf3 Be7 6. a4 Bf6 7. d5 Bxc3+ 8.
bxc3 d6 9. e4 e5 10. Nd2 Ne7 11. f4 exf4 12. Nf3 Ng6 13. Bd3 O-O 14. O-O f5
15. exf5 Bxf5 16. Bxf5 Rxf5 17. Qc2 Rf8 18. Re1 Nd7 19. Bd2 Nde5 20. Nxe5
Nxe5 21. Qe4 Qg5 22. g3 Rae8 23. Bxf4 Qg4 24. Bxe5 Rxe5 25. Qg2 Rfe8 26.
Rxe5 Rxe5 27. Rf1 Qxc4 28. Qf3 Qxd5 29. Qf8+ Kh7 30. Qf4 Qe4 31. Qf2 Qxa4
32. Qd2 Qc6 33. c4 Qe4 34. Qxd6 Qe3+ 35. Kg2 Qe4+ 36. Kg1 Qe3+ 37. Kg2 Qe4+
38. Rf3 Rf5 39. Qd1 Rxf3 40. Qxf3 Qxf3+ 41. Kxf3 Kg6 42. Ke4 Kf6 43. Kd5 b6
44. Kc6 a5 45. Kb5 Ke5 46. h3 Kd4 47. g4 g6 48. h4 a4 49. Kxa4 Kxc4 50. Ka3
b5 51. Kb2 b4 52. h5 g5 53. Kc2 Kd4 54. Kb2 c4 55. Kc2 b3+ 56. Kb2 Kd3 57.
Ka3 Kc2 58. Kb4 c3 59. Kc5 b2 60. Kd5 b1=Q 61. Ke5 Qf1 62. Kd5 Kd2 63. Kd4
c2 64. Kd5 c1=Q 65. Kd6 Kc2 66. Kd5 Qcd1+ 67. Ke5 Qfd3 68. Kf6 Q1e2 69. Kg7
Qd6 70. Kh7 Qee7+ 71. Kg8 Qdd8# {White checkmated} 0-1

[Event "ICCopen2017"]
[Site "Internet Chess Club"]
[Date "2017.03.26"]
[Round "3"]
[White "GnowReopard"]
[Black "CapitanCentella"]
[Result "1-0"]
[ICCResult "Black resigns"]
[WhiteElo "2613"]
[BlackElo "1828"]
[Opening "English: symmetrical variation"]
[ECO "A36"]
[NIC "EO.64"]
[Time "19:30:15"]
[TimeControl "180+0"]

1. c4 c5 2. Nc3 Nc6 3. g3 Nf6 4. Bg2 g6 5. e3 Bg7 6. Nge2 d6 7. d4 O-O 8.
O-O Bg4 9. h3 Bd7 10. dxc5 dxc5 11. Nf4 Qc8 12. Kh2 Rd8 13. Qe2 e6 14. Rd1
Be8 15. Bd2 a6 16. Be1 Qc7 17. Kg1 Ne7 18. g4 Rxd1 19. Rxd1 Rd8 20. g5 Nd7
21. Ne4 b6 22. Bc3 Ne5 23. Nf6+ Bxf6 24. gxf6 Rxd1+ 25. Qxd1 Nf5 26. Bxe5
Qxe5 27. Qd8 Nd6 28. Nd3 Qg5 29. Qxd6 Qxf6 30. Qxb6 Kg7 31. Qxc5 Kh6 32. Qe5
Qh4 33. Qf4+ Qxf4 34. exf4 Ba4 35. c5 {Black resigns} 1-0

[Event "ICCopen2017"]
[Site "Internet Chess Club"]
[Date "2017.03.26"]
[Round "3"]
[White "julkat-ch"]
[Black "krankenstein"]
[Result "1-0"]
[ICCResult "Black forfeits on time"]
[WhiteElo "1832"]
[BlackElo "1143"]
[Opening "Philidor: exchange variation"]
[ECO "C41"]
[NIC "KP.08"]
[Time "19:29:26"]
[TimeControl "180+0"]

1. e4 e5 2. Nf3 d6 3. d4 exd4 4. Qxd4 c5 5. Qd1 Be6 6. Nc3 h6 7. Be3 Nf6 8.
h3 Be7 9. Be2 Nc6 10. O-O O-O 11. Qd2 Qc7 12. Rad1 Rad8 13. Qc1 d5 14. Bf4
Qb6 15. e5 Ne4 16. Nxe4 dxe4 17. Nd2 f5 18. exf6 Bxf6 19. c3 Be5 20. Be3 Bd6
21. Nc4 Qc7 22. Nxd6 Rxd6 23. Bxc5 Rxd1 24. Bxd1 Rd8 25. Be3 Bc4 26. Re1 Ne5
27. Bc2 Nd3 28. Bxd3 exd3 29. Bd2 Bxa2 30. Qa1 Bc4 31. Qxa7 Qd7 32. Qe3 Bf7
33. Qe7 Qd5 34. f3 Re8 35. Qh4 Qc5+ 36. Qf2 Rxe1+ 37. Bxe1 Qd6 38. Qd4 Qe7
39. Qe4 Qd8 40. Bd2 Qd6 41. Kf2 Bg6 42. Qc4+ Kh8 43. Qd4 Qh2 44. c4 Kh7 45.
Bc3 Qc7 46. c5 b6 47. b4 bxc5 48. bxc5 Qf7 49. h4 d2 50. Qxd2
{Black forfeits on time}
1-0